 Dungeon Crawl Stone Soup version 0.28.0 (webtiles) character file.

Game seed: 9988198722282158383

667 zeram the Covered (level 7, -3/44 HPs)
             Began as a Gargoyle Fighter on Feb 18, 2022.
             Slain by a gnoll (5 damage)
             ... on level 5 of the Dungeon.
             The game lasted 00:05:25 (5227 turns).

zeram the Covered (Gargoyle Fighter)                Turns: 5227, Time: 00:05:25

Health: -3/44      AC: 16    Str: 17    XL:     7   Next: 57%
Magic:  7/7        EV:  9    Int:  8    God:
Gold:   168        SH:  4    Dex:  9    Spells: 6/6 levels left

rFire   . . .      SeeInvis .   a - +1 flail
rCold   . . .      Faith    .   c - +0 buckler
rNeg    + . .      Spirit   .   b - +0 scale mail
rPois   ∞          Reflect  .   g - +2 helmet "Ylovvet" {Rampage +Blink Str-5 Stlth+}
rElec   +          Harm     .   (no cloak)
rCorr   .          Rampage  +   f - +0 pair of gloves
Will    .....                   (no boots)
Stlth   +.........              (no amulet)
HPRegen 0.14/turn               (no ring)
MPRegen 0.10/turn               (no ring)

@: lit by a corona, about to teleport, glowing
A: sickness immunity, AC +4, negative energy resistance 1, electricity
resistance, torment resistance 1, petrification resistance
a: Evoke Blink


You were on level 5 of the Dungeon.
You visited 2 branches of the dungeon, and saw 6 of its levels.

You collected 168 gold pieces.

Inventory:

Hand Weapons
 a - a +1 flail (weapon)
 n - a +1 whip of holy wrath
Armour
 b - a +0 scale mail (worn)
 c - a +0 buckler (worn)
 f - a +0 pair of gloves (worn)
 g - the +2 helmet "Ylovvet" (worn) {Rampage +Blink Str-5 Stlth+}
   (You took it off Robin on level 2 of the Dungeon)

   Str:       It affects your strength (-5).
   +Blink:    It lets you blink.
   Rampage:   It bestows one free step when moving towards enemies.
   Stlth:     It makes you more stealthy.
 o - an orb of energy
Wands
 p - a wand of polymorph (7)
Scrolls
 e - a scroll of brand weapon {unknown}
Potions
 h - a potion of curing
 i - a potion of degeneration {unknown}
 j - a potion of berserk rage {unknown}
 k - a potion of lignification {unknown}
 m - a potion of resistance {unknown}
 q - 2 potions of brilliance {unknown}
 r - a potion of cancellation {unknown}


   Skills:
 + Level 4.5 Fighting
 + Level 5.2 Maces & Flails
 + Level 5.4 Armour
 + Level 1.8 Dodging
 + Level 1.0 Stealth
 + Level 4.4 Shields


You had 6 spell levels left.
You didn't know any spells.
Your spell library contained the following spells:

 Spells                   Type           Power      Damage    Failure   Level
 Shock                    Conj/Air       0%         1d3       87%         1
 Swiftness                Air            0%         N/A       99%         3
 Airstrike                Air            0%         N/A       100%        4


Dungeon Overview and Level Annotations

Branches:
Dungeon (5/15)             Temple (1/1) D:4

Altars:
Cheibriados
Fedhas
Gozag
Kikubaaqudgha
Makhleb
Okawaru
Ru
Sif Muna
Trog
Vehumet
Wu Jian
Xom
Zin
The Shining One


Innate Abilities, Weirdness & Mutations

You are immune to sickness and miasma.
Your stone body is resilient. (AC +4)
You are immune to poison.
You resist negative energy. (rN+)
You are resistant to electric shocks. (rElec)
You are resistant to unholy torment.
You are immune to petrification.


Message History

You closely miss the gnoll shaman.
The gnoll shaman is heavily wounded.
The gnoll shaman hits you with a +0 mace.
The gnoll hits you but does no damage.
The gnoll shaman calls upon its god to speed up the gnoll.
The gnoll seems to speed up.
You hear a shout!
You closely miss the gnoll shaman.
The gnoll shaman is heavily wounded.
The gnoll hits you but does no damage.
The gnoll shaman prays to its god.
The gnoll shaman is healed somewhat.
You closely miss the gnoll shaman.
The gnoll shaman is moderately wounded.
You block the gnoll's attack.
The gnoll hits you from afar with a +0 spear.
* * * LOW HITPOINT WARNING * * *
The gnoll shaman hits you with a +0 mace.
* * * LOW HITPOINT WARNING * * *
You feel better. The gnoll closely misses you.
The gnoll shaman barely misses you.
You closely miss the gnoll shaman.
The gnoll shaman is moderately wounded.
The gnoll hits you but does no damage.
The gnoll hits you from afar with a +0 spear.
The gnoll shaman hits you with a +0 mace.
You barely miss the gnoll shaman.
The gnoll shaman is moderately wounded.
The gnoll hits you from afar with a +0 spear.
* * * LOW HITPOINT WARNING * * *
The gnoll shaman mumbles some strange prayers to its god against you.
You are outlined in light.
The gnoll hits you from afar with a +0 spear.
* * * LOW HITPOINT WARNING * * *
As you read the scroll of teleportation, it crumbles to dust.
You feel strangely unstable. The gnoll hits you but does no damage.
The gnoll shaman hits you with a +0 mace.
* * * LOW HITPOINT WARNING * * *
The gnoll hits you from afar with a +0 spear.
You die...

.............#..#.#
#.###.######
##.#######.#.##.#.# #.#
#.######
.#.......#.#.##...# #.#
#.......
.#.#<...)..#.##...####.#
########
.#######.###.##.....##.#
.#.........#.##.....##.#
.#.#####.#.#.#......'..#
......#..#.#.###....######
##.##.#..#.#...g@..........
...##.#..#.#.#g##>.#####.##
#####.##.#.# # ####
.####.##.#.# ...##.##.#.#
.........#.# ..PP...###.#
..._..<###.# ..P.P......#


You could see a gnoll shaman and a gnoll (fast).

Vanquished Creatures
  Duvessa (D:4)
  2 black bears (D:5)
  A phantom (D:3)
  A scorpion (D:4)
  Dowan (D:4)
  A jelly (D:4)
  A hound skeleton (D:5)
  Robin (D:2)
  4 gnolls
  4 adders
  An ufetubus (D:4)
  2 worms
  3 dart slugs
  An orc (D:4)
  5 endoplasms
  6 giant cockroaches
  11 goblins
  6 hobgoblins
  3 quokkas
  3 ball pythons
  5 bats
  5 frilled lizards
  4 kobolds
  2 rats
74 creatures vanquished.

Vanquished Creatures (others)
  4 withered plants (D:2)
4 creatures vanquished.

Grand Total: 78 creatures vanquished

Notes
Turn   | Place    | Note
-------+----------+-------------------------------------------
     0 | D:1      | zeram the Gargoyle Fighter began the quest for the Orb.
     0 | D:1      | Reached XP level 1. HP: 14/14 MP: 1/1
   681 | D:1      | Reached XP level 2. HP: 15/19 MP: 2/2
  1282 | D:2      | Reached XP level 3. HP: 23/23 MP: 3/3
  1509 | D:2      | Identified the +2 helmet "Ylovvet" {Rampage +Blink Str-5
                  | Stlth+}
  1509 | D:2      | Noticed Robin
  1522 | D:2      | Killed Robin
  1525 | D:2      | Reached XP level 4. HP: 22/29 MP: 4/4
  1762 | D:2      | Found a faded altar of an unknown god.
  2598 | D:3      | Found a glowing golden altar of the Shining One.
  2762 | D:3      | Found a shimmering blue altar of Sif Muna.
  2826 | D:3      | Noticed a phantom
  2840 | D:3      | Killed a phantom
  2841 | D:3      | Reached skill level 1 in Dodging
  2841 | D:3      | Reached XP level 5. HP: 20/33 MP: 5/5
  3420 | D:4      | Noticed Duvessa
  3420 | D:4      | Noticed Dowan
  3429 | D:4      | Killed Duvessa
  3430 | D:4      | Reached XP level 6. HP: 30/38 MP: 6/6
  3441 | D:4      | Killed Dowan
  3442 | D:4      | Reached skill level 5 in Armour
  3719 | D:4      | Found a staircase to the Ecumenical Temple.
  3852 | Temple   | Entered the Ecumenical Temple
  4101 | D:4      | Reached skill level 1 in Stealth
  4136 | D:4      | Found an ancient bone altar of Kikubaaqudgha.
  4284 | D:5      | Entered Level 5 of the Dungeon
  4291 | D:5      | Found a shimmering altar of Xom.
  4342 | D:5      | Reached XP level 7. HP: 43/43 MP: 7/7
  4413 | D:5      | Found a bloodstained altar of Trog.
  4473 | D:5      | Reached skill level 5 in Maces & Flails
  5227 | D:5      | HP: 2/44 [gnoll shaman (5)]
  5227 | D:5      | Slain by a gnoll

Illustrated notes

Levels and vault maps discovered:
D:1:      mainiacjoe_arrival_reflecting_pool, layout_loops_ring
D:2:      layout_basic, ebering_ecumenical_altar_petrified, uniq_robin
D:3:      layout_basic, tso_oasis_becter, nicolae_sif_muna_condensation,
          roderic_roman_lattice, kennysheep_cross_room
D:4:      layout_basic, kiku_gazebo_pond_becter, temple_doors_cd, uniq_duvessa
D:5:      minmay_chambers_of_threes, layout_basic,
          nicolae_overflow_crystal_walls, trog_ov_bears_minmay, xom_butterflies,
          minmay_quadrilaterals
Temple:   nicolae_temple_figure_zero

Skill      XL: |  1  2  3  4  5  6  7 |
---------------+----------------------+-----
Armour         | 4 5 |  5.4
Maces & Flails | 3 4 5 |  5.2
Dodging        | 1 |  1.8
Fighting       | 4 |  4.5
Shields        | 4 |  4.4
Stealth        | 1 |  1.0

Action                   |  1- 3 |  4- 6 |  7- 9 || total
-------------------------+-------+-------+-------++-------
Melee: Flail             |   110 |   148 |    61 ||   319
  Use: Scroll            |     4 |     3 |     1 ||     8
       Potion            |       |     1 |     2 ||     3
Armor: Scale mail        |    59 |    80 |    73 ||   212
Dodge: Dodged            |    47 |    58 |    61 ||   166
Block: Buckler           |    24 |    27 |    25 ||    76
